[Event "Team 45 45 League T38"]
[Site "Internet Chess Club"]
[Date "2008.09.14"]
[Round "8"]
[White "bjoernchess"]
[Black "iwulu"]
[Result "1/2-1/2"]
[WhiteElo "2386"]
[BlackElo "2374"]
[Opening "QGD Slav: Smyslov variation"]
[ECO "D16"]
[Time "10:12:54"]
[TimeControl "2700+45"]

1. d4 d5 2. c4 c6 3. Nf3 Nf6 4. Nc3 dxc4 5. a4 Na6 6. e4 Bg4 7. Bxc4 e6 8. Be3
Nb4 9. O-O Be7 10. Rc1 O-O 11. h3 Bh5 12. Qe2 Nd7 13. Rfd1 Re8 14. g4 Bg6 15.
Bf4 Bf8 16. e5 Be7 17. Ne4 Bxe4 18. Qxe4 Nb6 19. Bb3 N6d5 20. Bd2 h6 21. h4 a5
22. g5 h5 23. Nh2 g6 24. Nf1 Qb6 25. Ng3 Kg7 26. Bxb4 Nxb4 27. Rc3 Rad8 28. Rf3
Rf8 29. Rf6 c5 30. d5 Bxf6 31. gxf6+ Kh7 32. dxe6 Rxd1+ 33. Bxd1 Qxe6 34. Bxh5
Nc6 35. f4 Qh3 36. Ne2 Rd8 37. Bf3 Rd1+ 38. Kf2 Qxh4+ 39. Ke3 Qe1 40. Qc4 Qd2+
41. Kf2 Qe1+ 42. Ke3 Rd7 43. Bg4 Rc7 {Game drawn by mutual agreement} 1/2-1/2

[Event "Team 45 45 League T38"]
[Site "Internet Chess Club"]
[Date "2008.09.14"]
[Round "8"]
[White "onslaught"]
[Black "killer21"]
[Result "0-1"]
[WhiteElo "2178"]
[BlackElo "2271"]
[Opening "King's Indian: Four pawns attack"]
[ECO "E76"]
[Time "10:09:22"]
[TimeControl "2700+45"]

1. d4 Nf6 2. c4 g6 3. Nc3 Bg7 4. e4 d6 5. f4 O-O 6. Nf3 Nbd7 7. Be2 e5 8. fxe5
dxe5 9. d5 Nc5 10. Qc2 a5 11. Bg5 h6 12. Bh4 g5 13. Bg3 Ng4 14. Qc1 f5 15. exf5
Rxf5 16. h3 Nf6 17. Qe3 Nfd7 18. O-O Qe7 19. Nd4 Rxf1+ 20. Rxf1 Nf6 21. Qxe5
Qxe5 22. Bxe5 Nxd5 23. Bxg7 Nxc3 24. Bxh6 Nxe2+ 25. Nxe2 Be6 26. b3 a4 27. Nd4
g4 28. b4 Bxc4 29. Rc1 Bxa2 30. bxc5 gxh3 31. gxh3 Bd5 32. Nb5 Kh7 33. Bg5 c6
34. Nd6 a3 35. Bf6 a2 36. h4 Kg6 37. Ba1 Ra4 38. Kf2 Rxh4 39. Rg1+ Kh5 40. Nf5
Rf4+ 41. Ke3 Rxf5 42. Kd3 Rf4 43. Bd4 Rf3+ 44. Ke2 Rb3 45. Kf2 Rb1 46. Ba1 Bc4
47. Bd4 Rxg1 48. Kxg1 Kg4 49. Kf2 Kf4 {White resigns} 0-1

[Event "Team 45 45 League T38"]
[Site "Internet Chess Club"]
[Date "2008.09.14"]
[Round "8"]
[White "Gregorio"]
[Black "alin"]
[Result "0-1"]
[WhiteElo "2050"]
[BlackElo "2101"]
[Opening "Scandinavian (center counter) defense"]
[ECO "B01"]
[Time "10:15:15"]
[TimeControl "2700+45"]

1. e4 d5 2. exd5 Qxd5 3. Nc3 Qa5 4. Nf3 Nf6 5. d4 c6 6. Bd2 Bf5 7. b4 Qc7 8. b5
e6 9. Be2 Bb4 10. Rb1 Bxc3 11. Bxc3 O-O 12. Rb3 cxb5 13. Bb4 Rc8 14. Bd3 Bxd3
15. cxd3 a5 16. Bd2 b4 17. O-O Nbd7 18. Qb1 Nd5 19. Rc1 Qd6 20. Rb2 Rc6 21. Rbc2
Rac8 22. Qb3 Rxc2 23. Rxc2 Rxc2 24. Qxc2 Qc6 25. Qb2 f6 26. Kf1 N7b6 27. Be1 Kf7
28. a3 Na4 29. Qb3 Nac3 30. axb4 axb4 31. Nd2 Qa6 32. Nc4 b5 33. Ne3 Qa4 34. Qb2
Qa3 35. Qxa3 bxa3 36. Bxc3 Nxc3 37. Nc2 a2 38. Ke1 b4 39. Na1 Ke7 40. Kd2 Kd6
41. Kc1 Kd5 42. Nc2 h5 43. f3 b3 44. Na1 Ne2+ {White resigns} 0-1

[Event "Team 45 45 League T38"]
[Site "Internet Chess Club"]
[Date "2008.09.15"]
[Round "8"]
[White "AlPearson"]
[Black "Ghashgork"]
[Result "0-1"]
[WhiteElo "1468"]
[BlackElo "1694"]
[Opening "English: Anglo-Dutch defense"]
[ECO "A10"]
[Time "12:11:02"]
[TimeControl "2700+45"]

1. c4 f5 2. g3 Nf6 3. Bg2 e5 4. d3 g6 5. Nc3 Bg7 6. Rb1 Nc6 7. Nf3 d6 8. O-O O-O
9. b3 Nd4 10. Bb2 Nxf3+ 11. Bxf3 c6 12. Qd2 d5 13. cxd5 cxd5 14. Rfd1 Rb8 15. a4
Re8 16. b4 b6 17. b5 Bb7 18. Na2 Re7 19. Rbc1 Nd7 20. Ba3 Re8 21. Rc2 Rc8 22.
Bg2 Rxc2 23. Qxc2 Qc8 24. Qxc8 Rxc8 25. Rc1 Rxc1+ 26. Nxc1 e4 27. Nb3 exd3 28.
exd3 Bc3 29. d4 Nf8 30. Bc1 Ne6 31. Be3 g5 32. f4 g4 33. Kf2 Nc7 34. Ke2 Ne8 35.
Bd2 Bxd2 36. Kxd2 Nd6 37. Kc2 Nc4 38. Bh1 h5 39. Kc3 Ne3 40. Nd2 Kg7 41. Kb4 Kg6
42. a5 h4 43. a6 Bc8 44. Kb3 Bd7 45. Kb4 hxg3 46. hxg3 Kf6 47. Ka4 Ke6 48. Kb4
Nc2+ 49. Kc3 Na3 50. Nf1 Nxb5+ 51. Kd3 Nc7 52. Ne3 Bc6 53. Kc3 Nxa6 54. Kb3 Nc7
55. Kb4 a5+ 56. Kb3 Nb5 57. Nc2 Nd6 58. Ne3 Ne4 59. Nf1 Bb5 60. Bg2 Bxf1 61.
Bxf1 Nd2+ 62. Ka4 Nxf1 63. Kb5 Nxg3 64. Ka4 Ne2 65. Kb5 g3 {White resigns} 0-1

[Event "Team 45 45 League T38"]
[Site "Internet Chess Club"]
[Date "2008.09.11"]
[Round "8"]
[White "Mutaant"]
[Black "Zyme"]
[Result "1-0"]
[WhiteElo "1474"]
[BlackElo "1451"]
[Opening "French defense"]
[ECO "C00"]
[Time "21:01:20"]
[TimeControl "2700+45"]

1. e4 e6 2. Bc4 d5 3. exd5 exd5 4. Bb3 Nf6 5. d4 Be7 6. Ne2 O-O 7. Nbc3 Nc6 8.
O-O a6 9. Bg5 Na5 10. Bxf6 Bxf6 11. Bxd5 Bg4 12. f3 Bf5 13. Ng3 Bg6 14. Nge4
Bxe4 15. fxe4 c6 16. e5 Bg5 17. Bf3 Be3+ 18. Kh1 Bxd4 19. Qd3 Bxe5 20. Be4 Qxd3
21. cxd3 Rad8 22. Rac1 c5 23. b3 Rd6 24. Na4 b6 25. Rf5 Bd4 26. Rcf1 b5 27. Nxc5
Bxc5 28. Rxc5 Rd7 29. h3 Nb7 30. Rc6 Ra8 31. Rfc1 g6 32. Rb6 Ra7 33. Rcc6 f5 34.
Bf3 Rxd3 35. Rc7 Nd6 36. Rb8+ Ne8 37. Rxe8# {Black checkmated} 1-0

[Event "Team 45 45 League T38"]
[Site "Internet Chess Club"]
[Date "2008.09.12"]
[Round "8"]
[White "SCUGrad"]
[Black "seldredg"]
[Result "1-0"]
[WhiteElo "1476"]
[BlackElo "1284"]
[Opening "Scandinavian: Pytel-Wade variation"]
[ECO "B01"]
[Time "20:30:10"]
[TimeControl "2700+45"]

1. e4 d5 2. exd5 Qxd5 3. Nc3 Qd6 4. d4 Nf6 5. Nf3 a6 6. Be2 e6 7. O-O Be7 8. Ne5
Nc6 9. Nxc6 Qxc6 10. Bf3 Qd6 11. Bg5 h6 12. Bh4 c6 13. Bg3 Qd8 14. Na4 O-O 15.
c3 Bd6 16. Nc5 Bxg3 17. fxg3 Nd5 18. Re1 b6 19. Nd3 Ra7 20. Ne5 Rc7 21. Rc1 Qe7
22. c4 Nf6 23. Nxc6 Qd6 24. Ne5 Nd7 25. Nxd7 Bxd7 26. Qd2 Rb8 27. Qf4 Qxf4 28.
gxf4 Rbc8 29. b3 b5 30. c5 b4 31. Be2 a5 32. Rc2 g6 33. Ra1 Ra8 34. a3 Bc6 35.
axb4 axb4 36. Rxa8+ Bxa8 37. Rc4 Ra7 38. Rxb4 Ra1+ 39. Bf1 Bd5 40. Kf2 Ra2+ 41.
Kg3 h5 42. h4 Ra1 43. Be2 Rc1 44. Bf3 Rc3 45. Rb8+ Kg7 46. b4 Rb3 47. b5 Rd3 48.
b6 Rxd4 49. Bxd5 Rd3+ 50. Kh2 exd5 51. c6 Rd4 52. c7 Rxf4 53. Kg3 Rg4+ 54. Kh3
Rb4 55. c8=Q Rb3+ 56. Kh2 Rb4 {Black resigns} 1-0

[Event "Team 45 45 League T38"]
[Site "Internet Chess Club"]
[Date "2008.09.14"]
[Round "8"]
[White "moreffee"]
[Black "havertown"]
[Result "0-1"]
[WhiteElo "1380"]
[BlackElo "1385"]
[Opening "Giuoco Piano"]
[ECO "C50"]
[Time "17:33:28"]
[TimeControl "2700+45"]

1. e4 e5 2. Nf3 Nc6 3. Bc4 Bc5 4. O-O Nf6 5. Nc3 O-O 6. d3 h6 7. Be3 Qe7 8. Nh4
Nd4 9. Ng6 Qe8 10. Nxf8 Kxf8 11. Bxd4 Bxd4 12. Nb5 Bb6 13. a4 c6 14. Nd6 Qe7 15.
Nxf7 d5 16. Nh8 Kg8 17. exd5 Kxh8 18. dxc6 bxc6 19. Re1 Ng4 20. Re2 Qh4 21. Kf1
Qxh2 22. Ke1 Qf4 23. Qd2 Qh2 24. Kd1 Qg1+ 25. Re1 Nxf2+ 26. Kc1 Qxg2 27. c3 Bf5
28. Kc2 e4 29. Rh1 exd3+ 30. Bxd3 Bxd3+ 31. Kb3 Qd5+ {White resigns} 0-1

[Event "Team 45 45 League T38"]
[Site "Internet Chess Club"]
[Date "2008.09.13"]
[Round "8"]
[White "alaskauk"]
[Black "Tjet"]
[Result "1-0"]
[WhiteElo "1508"]
[BlackElo "1554"]
[Opening "Philidor: Larsen variation"]
[ECO "B07"]
[Time "14:00:18"]
[TimeControl "2700+45"]

1. e4 d6 2. d4 e5 3. Nf3 exd4 4. Nxd4 g6 5. Be3 Bg7 6. Bc4 Nf6 7. Bd3 O-O 8. Bg5
a6 9. Nc3 Nbd7 10. h4 Qe8 11. Qd2 Nxe4 12. Bxe4 Nc5 13. f3 Nxe4 14. fxe4 c5 15.
Nde2 Bxc3 16. Nxc3 Qe5 17. O-O-O Bg4 18. Rdf1 b5 19. Bf6 Qh5 20. Nd5 Ra7 21. Bg5
f5 22. Nf4 {Black resigns} 1-0

[Event "Team 45 45 League T38"]
[Site "Internet Chess Club"]
[Date "2008.09.11"]
[Round "8"]
[White "BarryNL"]
[Black "kingphisch"]
[Result "1/2-1/2"]
[WhiteElo "1518"]
[BlackElo "1483"]
[Opening "Caro-Kann: Tartakower (fantasy) variation"]
[ECO "B12"]
[Time "14:09:37"]
[TimeControl "2700+45"]

1. e4 c6 2. d4 d5 3. f3 dxe4 4. fxe4 Nf6 5. Nc3 e5 6. dxe5 Qxd1+ 7. Kxd1 Ng4 8.
Ke1 Nxe5 9. Nf3 Bd6 10. Nxe5 Bxe5 11. Bd2 Be6 12. Bd3 Nd7 13. Kf2 Nf6 14. h3 Nh5
15. Rhf1 Rf8 16. Kg1 Bd4+ 17. Kh2 Be5+ 18. Kg1 Bd4+ 19. Kh2 Be5+ 20. Kg1 {Game
drawn by repetition} 1/2-1/2

[Event "Team 45 45 League T38"]
[Site "Internet Chess Club"]
[Date "2008.09.12"]
[Round "8"]
[White "bajerk"]
[Black "forsyth"]
[Result "1-0"]
[WhiteElo "1398"]
[BlackElo "1385"]
[Opening "Caro-Kann defense"]
[ECO "B10"]
[Time "14:01:59"]
[TimeControl "2700+45"]

1. e4 c6 2. Nf3 d5 3. exd5 cxd5 4. d4 Bg4 5. Be2 Nc6 6. O-O e6 7. c3 Bd6 8. h3
Bh5 9. b4 a6 10. b5 axb5 11. Bxb5 Ne7 12. Nbd2 O-O 13. a4 Qc7 14. Qc2 Bg6 15.
Qd1 Nf5 16. Re1 Na7 17. c4 Nxb5 18. cxb5 Qc3 19. Nb3 Qc7 20. Bb2 Qd8 21. Ne5
Bxe5 22. Rxe5 Qf6 23. Nc5 Qe7 24. Ba3 Nd6 25. b6 Rfd8 26. Nd3 Nc4 27. Bxe7
{Black resigns} 1-0